 Dungeon Crawl Stone Soup version 0.27-a0-765-ge4d627daa3 (webtiles) character file.

Game seed: 17647162483298734541

1094 dolemite99 the Carver (level 8, -4/54 HPs)
             Began as a Djinni Gladiator on Mar 25, 2021.
             Was an Initiate of Gozag.
             Slain by an orc warrior
             ... wielding a +0 short sword
              (11 damage)
             ... on level 6 of the Dungeon.
             The game lasted 00:08:18 (9108 turns).

dolemite99 the Carver (Djinni Gladiator)            Turns: 9108, Time: 00:08:18

Health: -4/54      AC:  9    Str: 15    XL:     8   Next: 31%
Gold:   359        EV:  6    Int: 15    God:    Gozag SH:  3 Dex: 16

rFire    + + .     SeeInvis .   i - +2 falchion (freeze)
rCold    x . .     Faith    .   r - +0 buckler
rNeg     . . .     Spirit   .   s - +0 chain mail
rPois    ∞         Reflect  .   c - +0 helmet
rElec    .         Harm     .   (no cloak)
rCorr    .         Rampage  .   (no gloves)
Will     .....                  (boots unavailable)
Stlth    ..........             (no amulet)
HPRegen  0.18/turn              F - +6 ring of intelligence
MPRegen  0.00/turn              (no ring)

@: flying
A: fire resistance 2, cold vulnerability 1, float, innate caster, hp casting,
extra vitality 1
a: Renounce Religion, Potion Petition, Call Merchant, Bribe Branch


You were on level 6 of the Dungeon.
You worshipped Gozag.
Gozag was aware of your devotion.
You visited 1 branch of the dungeon, and saw 6 of its levels.

You collected 444 gold pieces.
You paid 85 gold pieces to Gozag.

Inventory:

Hand Weapons
 a - a +0 long sword
 i - a +2 falchion of freezing (weapon)
 j - a +2 dagger of pain
 t - a +0 hunting sling
 u - a +0 morningstar
 x - a +2 whip of electrocution
 B - a +0 hunting sling
Missiles
 d - 3 throwing nets (quivered)
 f - 29 sling bullets
 h - 79 arrows
 l - 91 bolts
 n - 142 stones
Armour
 b - a +0 leather armour
 c - a +0 helmet (worn)
 m - a +0 helmet
 q - a +0 ring mail
 r - a +0 buckler (worn)
 s - a +0 chain mail (worn)
Jewellery
 v - a ring of protection from cold
 F - a +6 ring of intelligence (right hand)
Scrolls
 g - 8 scrolls of identify {@r1}
 k - 2 scrolls of teleportation {unknown}
 o - a scroll of magic mapping {unknown}
 p - a scroll of enchant weapon {unknown}
 w - a scroll of blinking {unknown}
 y - a scroll of amnesia {unknown}
 A - a scroll of immolation {unknown}
 E - 2 scrolls of noise {unknown}
Potions
 e - a potion of flight
 z - a potion of might {unknown}
 C - a potion of berserk rage {unknown}


   Skills:
 - Level 2.0 Fighting
 + Level 9.2 Long Blades
 - Level 1.5 Throwing
 - Level 3.2 Dodging


You had 2 spell levels left.
You knew the following spells:

 Your Spells              Type           Power      Damage    Failure   Level
a - Beastly Appendage     Tmut           0%         N/A       100%        1
b - Corpse Rot            Necr/Air       N/A        N/A       100%        2
c - Slow                  Hex            0%         N/A       100%        2
Your spell library was empty.


Dungeon Overview and Level Annotations

Branches:
Dungeon (6/15)
 Temple: D:4-7

Altars:
Ashenzari
Elyvilon
Gozag
Okawaru
Qazlal
Uskayaw
Wu Jian
The Shining One

Annotations:
D:2 Grinder


Innate Abilities, Weirdness & Mutations

You are immune to poison.
Your flesh is very heat resistant. (rF++)
You are vulnerable to cold. (rC-)
You float through the air rather than walking.
You learn spells naturally, not from books.
Your magical power is your life essence.
You have superior vitality. (+4 HP)


Message History

You slash the orc warrior! You freeze the orc warrior.
The orc warrior is heavily wounded.
The orc warrior hits you with a +0 short sword.
You block the centaur's attack.
The centaur kicks you but does no damage.
You closely miss the orc warrior.
The orc warrior is heavily wounded.
The centaur hits you but does no damage.
The centaur kicks you but does no damage.
The orc warrior hits you with a +0 short sword.
The ufetubus shouts!
You hit the orc warrior. You freeze the orc warrior.
The orc warrior is heavily wounded.
The centaur hits you.
The centaur kicks you but does no damage.
The centaur hits you.
* * * LOW HITPOINT WARNING * * *
The centaur kicks you but does no damage.
The orc warrior hits you with a +0 short sword.
* * * LOW HITPOINT WARNING * * *
You hit the orc warrior. You freeze the orc warrior.
The orc warrior is severely wounded.
The centaur hits you but does no damage.
The centaur completely misses you. You block the orc warrior's attack.
You hit the orc warrior. You freeze the orc warrior.
The orc warrior is almost dead.
The centaur hits you but does no damage.
The centaur kicks you but does no damage.
The orc warrior hits you with a +0 short sword.
* * * LOW HITPOINT WARNING * * *
The centaur hits you but does no damage.
You block the centaur's attack.
Your shield and chain mail prevent you from hitting the orc warrior.
The orc warrior is almost dead.
The centaur hits you but does no damage.
The centaur kicks you.
* * * LOW HITPOINT WARNING * * *
The orc warrior hits you with a +0 short sword!
You die...
Your body crumbles into a pile of gold.

#.########.....###.#
# #.# #...5.'...# #
#.#
#....^############
#.................
#.#.#.############
#5#.#<.. #o#.#.##.#
## #o#.#.# # $(
#@#.#.#
#####.#c#.#..
.c.....Z#.###
#####.#.# #.#=# #
#.. ###


You could see an orc warrior, a centaur, an orc, an ufetubus and a centaur
zombie.

Vanquished Creatures
  A sky beast (D:5)
  An ice beast (D:5)
  A necrophage (D:5)
  An ogre (D:5)
  A phantom (D:5)
  A water moccasin zombie (D:5)
  A scorpion (D:5)
  A centaur zombie (D:5)
  A bullfrog zombie (D:5)
  A jelly (D:5)
  2 orc priests
  A bullfrog skeleton (D:5)
  3 orc wizards
  Natasha (thrice) (D:4)
  Terence (D:3)
  4 gnolls (D:3)
  4 adders
  An adder skeleton (D:4)
  3 worms
  5 dart slugs
  14 orcs
  6 ball pythons
  7 bats
  5 endoplasms
  5 giant cockroaches
  8 goblins
  10 hobgoblins
  7 jackals
  3 quokkas
  6 frilled lizards
  5 kobolds
  7 rats
120 creatures vanquished.

Vanquished Creatures (others)
  33 plants (D:1)
33 creatures vanquished.

Grand Total: 153 creatures vanquished

Notes
Turn   | Place    | Note
-------+----------+-------------------------------------------
     0 | D:1      | dolemite99 the Djinni Gladiator began the quest for the
                  | Orb.
     0 | D:1      | Reached XP level 1. HP: 18/18 MP: 0/0
    41 | D:1      | Reached skill level 3 in Long Blades
   275 | D:1      | Reached XP level 2. HP: 22/23 MP: 0/0
   520 | D:1      | Reached XP level 3. HP: 24/28 MP: 0/0
   520 | D:1      | Learned a level 1 spell: Beastly Appendage
  1053 | D:1      | Reached skill level 4 in Long Blades
  2342 | D:2      | Reached XP level 4. HP: 33/33 MP: 0/0
  3448 | D:3      | Noticed Grinder
  3459 | D:3      | Paralysed by Grinder for 3 turns
  3725 | D:3      | Noticed Terence
  3733 | D:3      | Killed Terence
  3734 | D:3      | Reached skill level 5 in Long Blades
  3734 | D:3      | Reached XP level 5. HP: 8/38 MP: 0/0
  3734 | D:3      | Learned a level 2 spell: Corpse Rot
  4650 | D:3      | Found a stormy altar of Qazlal.
  5361 | D:4      | Noticed Natasha
  5368 | D:4      | Killed Natasha
  5474 | D:4      | Reached skill level 6 in Long Blades
  5474 | D:4      | Reached XP level 6. HP: 35/43 MP: 0/0
  6087 | D:4      | Noticed Natasha
  6096 | D:4      | Killed Natasha
  6272 | D:4      | Noticed Natasha
  6278 | D:4      | Killed Natasha
  6439 | D:5      | Entered Level 5 of the Dungeon
  6513 | D:5      | Found a glowing golden altar of the Shining One.
  6514 | D:5      | Found an ornate altar of the Wu Jian Council.
  6514 | D:5      | Found a white marble altar of Elyvilon.
  6517 | D:5      | Found an iron altar of Okawaru.
  6519 | D:5      | Found a hide-covered altar of Uskayaw.
  6519 | D:5      | Found an opulent altar of Gozag.
  6521 | D:5      | Found a broken altar of Ashenzari.
  6541 | D:5      | Became a worshipper of Gozag Ym Sagoz the Greedy
  6575 | D:5      | Noticed an ice beast
  6690 | D:5      | Reached skill level 7 in Long Blades
  6690 | D:5      | Reached XP level 7. HP: 27/49 MP: 0/0
  6690 | D:5      | Learned a level 2 spell: Slow
  7653 | D:5      | Reached skill level 8 in Long Blades
  8065 | D:5      | Reached XP level 8. HP: 50/54 MP: 0/0
  8624 | D:6      | Reached skill level 9 in Long Blades
  8725 | D:6      | Identified the +1 ring mail of Fikiam {*Contam Harm +Fly}
  9108 | D:6      | Slain by an orc warrior

Illustrated notes

Levels and vault maps discovered:
D:1:      lemuel_arrival_behind_the_door_large, layout_basic, serial_bayou,
          serial_bayou_pond_c, serial_bayou_ford_a, serial_bayou_pond_b,
          serial_bayou_lagoon_a, serial_bayou_pond_e, minmay_misc_feat_pillars,
          minmay_ruptured
D:2:      layout_loops_ring
D:3:      minmay_general_purpose_star, layout_basic,
          nicolae_qazlal_general_emergency, uniq_grinder, uniq_terence
D:4:      layout_basic, minmay_misc_feat_tiny, uniq_natasha
D:5:      layout_cave_pods, grunt_temple_overflow_open, gup_sewer_entry_pipe
D:6:      layout_basic, nicolae_ossuary_entry_plus, st_stairs_10,
          uniq_blork_the_orc

Skill      XL: |  1  2  3  4  5  6  7  8 |
---------------+-------------------------+-----
Long Blades    | 3 4 5 6 7 8 9 |  9.2
Fighting       | |  2.0
Throwing       | |  1.5
Dodging        | |  3.2

Action                   |  1- 3 |  4- 6 |  7- 9 || total
-------------------------+-------+-------+-------++-------
Melee: Long sword        |    63 |     7 |       ||    70
       Dagger            |    76 |    69 |       ||   145
       Falchion          |       |   157 |   126 ||   283
  Use: Potion            |       |     4 |     2 ||     6
       Scroll            |       |     1 |       ||     1
 Stab: Sleeping          |     2 |       |       ||     2
Armor: Leather armour    |    46 |    11 |       ||    57
       Ring mail         |       |     4 |       ||     4
       Chain mail        |       |    76 |    83 ||   159
       Skin              |       |     2 |    18 ||    20
Dodge: Dodged            |   112 |    78 |    32 ||   222
Block: Buckler           |       |    24 |    18 ||    42
       Rpst.: Long sword |    24 |       |       ||    24
       Falchion          |       |     9 |    14 ||    23

Table legend: (Time is in decaauts)
 A = Elapsed time spent in this place.
 B = Non-inter-level travel time spent in this place.
 C = Inter-level travel time spent in this place.
 D = Time resting spent in this place.
 E = Time spent auto-exploring this place.
 F = Levels seen in this place.
 G = Mean time per level.
                   A        B        C        D        E       F      G
               +--------+--------+--------+--------+--------+-----+--------+
         Total |   9123 |   8867 |    256 |   4494 |   2698 |   6 | 1520.5 |
       Dungeon |   9123 |   8867 |    256 |   4494 |   2698 |   6 | 1520.5 |
               +--------+--------+--------+--------+--------+-----+--------+

Top non-repeatable levels by time:
     D:5: 2412 daAuts
     D:1: 2265 daAuts
     D:3: 1732 daAuts
     D:2: 1285 daAuts
     D:4: 1210 daAuts
     D:6: 217 daAuts
